 Dungeon Crawl Stone Soup version 0.23-b1-49-g13d5857 (webtiles) character file.

Game seed: 12516708805810360974

19247 Kairos the Cleaver (level 12, -6/63 HPs)
             Began as a Vine Stalker Fighter on Feb 3, 2019.
             Was the Champion of Okawaru.
             Mangled by a ten-headed hydra (8 damage)
             ... on level 2 of the Lair of Beasts.
             The game lasted 00:20:10 (9429 turns).

Kairos the Cleaver (Vine Stalker Fighter)           Turns: 9429, Time: 00:20:11

Health: -6/63      AC: 24    Str: 37    XL:     12   Next: 67%
Magic:  0/24       EV: 15    Int: 15    God:    Okawaru [******]
Gold:   578        SH: 15    Dex: 20    Spells: 11/11 levels left

rFire    + . .     SeeInvis .   T - +6 demon blade "Newtbane" {freeze, rN+ Str+10 Int+2}
rCold    + . .     Gourm    .   c - +0 shield
rNeg     + + +     Faith    .   G - +11 chain mail of the Pit {rPois Str+3 Int+5 Dex+2}
rPois    +         Spirit   +   N - +0 helmet "Curoaxoh" {rPois rN++ MR- Dex+4}
rElec    .         Reflect  .   e - scarf {rC+ rF+}
rCorr    +         Harm     .   (no gloves)
MR       .....                  (no boots)
Stlth    +.........             (no amulet)
HPRegen  1.00/turn              L - ring of magical power
MPRegen  0.19/turn              Q - ring of resist corrosion

@: lethally poisoned (-6 -> -6), heroism
A: fangs 3, regeneration 2, magic shield, antimagic bite, no potion heal 3, rot
immunity
a: Heroism, Finesse, Renounce Religion


You were on level 2 of the Lair of Beasts.
You worshipped Okawaru.
Okawaru was exalted by your worship.
You were not hungry.

You visited 2 branches of the dungeon, and saw 11 of its levels.
You visited the Abyss 1 time.
You also visited: Sewer and Ossuary.

You collected 698 gold pieces.
You spent 120 gold pieces at shops.

Inventory:

Hand Weapons
 a - a +1 war axe
 H - a +1 whip of electrocution
 T - the +6 demon blade "Newtbane" (weapon) {freeze, rN+ Str+10 Int+2}
   (Okawaru gifted it to you on level 2 of the Lair of Beasts)

   It has been specially enchanted to freeze those struck by it, causing extra
   injury to most foes and up to half again as much damage against particularly
   susceptible opponents.
   It can also slow down cold-blooded creatures.
   It affects your strength (+10).
   It affects your intelligence (+2).
   It protects you from negative energy.
Missiles
 F - 6 needles of paralysis (quivered)
Armour
 c - a +0 shield (worn)
 e - a scarf of resistance (worn)
 G - the +11 chain mail of the Pit (worn) {rPois Str+3 Int+5 Dex+2}
   (You found it on level 7 of the Dungeon)

   It affects your strength (+3).
   It affects your intelligence (+5).
   It affects your dexterity (+2).
   It protects you from poison.
 N - the +0 helmet "Curoaxoh" (worn) {rPois rN++ MR- Dex+4}
   (You found it on level 1 of the Lair of Beasts)

   It affects your dexterity (+4).
   It protects you from poison.
   It greatly protects you from negative energy.
   It affects your resistance to hostile enchantments.
Jewellery
 m - an uncursed ring of protection from cold
 L - a ring of magical power (left hand)
 O - an uncursed ring of flight
 Q - a ring of resist corrosion (right hand)
Wands
 B - a wand of flame (17)
 E - a wand of clouds (13)
 J - a wand of acid (10)
Scrolls
 b - 2 scrolls of fog
 h - 5 scrolls of blinking
 i - a scroll of enchant armour
 k - 3 scrolls of remove curse
 l - 4 scrolls of teleportation
 r - a scroll of fear
 t - 2 scrolls of amnesia
 y - 2 scrolls of identify
 C - a scroll of immolation {unknown}
 K - a scroll of random uselessness {unknown}
 M - a scroll of vulnerability {unknown}
 P - a scroll of brand weapon {unknown}
 S - a scroll of acquirement {unknown}
Potions
 d - 3 potions of might
 g - 3 potions of lignification
 j - 4 potions of curing {unknown}
 n - 3 potions of heal wounds
 o - 2 potions of cancellation {unknown}
 p - a potion of agility {unknown}
 q - 4 potions of degeneration {unknown}
 s - a potion of invisibility {unknown}
 u - 2 potions of mutation
 v - 3 potions of haste {unknown}
 w - 2 potions of berserk rage
 x - 4 potions of ambrosia {unknown}
 z - a potion of brilliance {unknown}
 A - a potion of flight {unknown}
 D - 3 potions of magic {unknown}
 I - a potion of resistance {unknown}
Miscellaneous
 R - a sack of spiders
Comestibles
 f - 26 rations


   Skills:
 + Level 7.5(12.5) Fighting
 * Level 13.1(18.1) Axes
 + Level 7.1(12.1) Armour
 + Level 2.9(7.9) Dodging
 + Level 2.3(7.3) Stealth
 + Level 8.0(13.0) Shields
 + Level 3.1 Invocations


You had 11 spell levels left.
You didn't know any spells.
Your spell library contained the following spells:

 Spells                   Type           Power        Failure   Level  Hunger
 Animate Skeleton         Necr           N/A          69%         1    ##.....
 Apportation              Tloc           #.....       69%         1    ##.....
 Confusing Touch          Hex            #.....       69%         1    ##.....
 Infusion                 Chrm           #...         69%         1    ##.....
 Magic Dart               Conj           #...         69%         1    ##.....
 Shock                    Conj/Air       #...         69%         1    ##.....
 Summon Small Mammal      Summ           #...         69%         1    ##.....
 Blink                    Tloc           N/A          83%         2    ###....
 Call Imp                 Summ           #.......     83%         2    ###....
 Shroud of Golubria       Chrm/Tloc      #.........   83%         2    ###....
 Slow                     Hex            #.......     83%         2    ###....
 Song of Slaying          Chrm           #.......     83%         2    ###....
 Swiftness                Chrm/Air       #.......     83%         2    ###....
 Conjure Flame            Conj/Fire      #.......     96%         3    ####...
 Mephitic Cloud           Conj/Pois/Air  #.......     96%         3    ####...
 Regeneration             Chrm/Necr      #.........   96%         3    ####...
 Spectral Weapon          Hex/Chrm       #.......     96%         3    ####...
 Static Discharge         Conj/Air       #.......     96%         3    ####...
 Airstrike                Air            #.........   100%        4    #####..
 Lightning Bolt           Conj/Air       #.........   100%        5    ######.


Dungeon Overview and Level Annotations

Branches:
Dungeon (9/15)             Temple (0/1) D:4            Lair (2/6) D:9
  Swamp: Lair:2-4    Shoals: Lair:2-4     Snake: Lair:2-4    Spider: Lair:2-4
    Orc: D:9-12

Altars:
Dithmenos
Hepliaklqana
Makhleb
Okawaru
Sif Muna
Trog
Yredelemnul
Zin
The Shining One
Jiyva

Shops:
D:4 !   D:5 !

Annotations:
Lair:2 exclusion: 4 oklob plants


Innate Abilities, Weirdness & Mutations

You have razor-sharp teeth.
You heal very quickly.
When hurt, damage is shared between your health and your magic reserves.
Your bite disrupts and absorbs the magic of your enemies.
Potions cannot restore your health.
You are immune to rotting.


Message History

* * * LOW HITPOINT WARNING * * *
You block the ten-headed hydra's attack.
The ten-headed hydra closely misses you.
The ten-headed hydra bites you.
* * * LOW HITPOINT WARNING * * *
The ten-headed hydra closely misses you.
You gain the combat prowess of a mighty hero.
A spiny frog comes into view.
The ten-headed hydra bites you!
* * * LOW HITPOINT WARNING * * *
You block the ten-headed hydra's attack.
The ten-headed hydra completely misses you.
You block the ten-headed hydra's attack.
The ten-headed hydra completely misses you.
The ten-headed hydra bites you.
* * * LOW HITPOINT WARNING * * *
The ten-headed hydra bites you!
* * * LOW HITPOINT WARNING * * *
The ten-headed hydra bites you!
You die...

##..# ..# #...# ###.# ##
#..## ##..# ...
###.#.###..#######..
##...>.......#≈#.#.#.#
###..........♣P≈≈.#....?
.##.##.#...##♣≈≈≈≈.#.P.P
#..#..#.#....♣P†≈D...#..
.##.##.#.#..†...@.......
......#.#.#.....#...#P..
...#...#####............
#.##....#.##.!..#.##P###
.........#.#....### ##
.#...#....#.....P#
###..#...#.#.......
.#........#.#.PFPP.
...#...#...#.#


You could see a ten-headed hydra and a spiny frog (wandering).

Vanquished Creatures
  A tentacled starspawn (Abyss:2)
  Harold (D:7)
  The ghost of Tinylith the Carver, a journeyman TeGl of Wu Jian (Lair:1)
  Pikel (D:7)
  2 manticores (Lair:2)
  A centaur zombie (D:6)
  2 elephants (Lair:2)
  A black mamba (Lair:2)
  3 spiny frogs (Lair:2)
  A rime drake (Lair:2)
  2 komodo dragons
  A queen bee (Lair:2)
  5 slime creatures (Lair:1)
  5 hippogriffs
  A raiju (Abyss:2)
  2 ynoxinuls (Abyss:2)
  A wyvern (Lair:2)
  A human (D:7)
  4 hogs (D:7)
  7 basilisks
  10 yaks
  2 fire bats (Abyss:2)
  A steam dragon (D:9)
  Menkaure (D:6)
  A hungry ghost (D:9)
  4 water moccasins
  An orc warrior (D:9)
  3 ice beasts
  A black bear (D:7)
  7 ogres
  5 wolves
  4 centaurs
  4 big kobolds (Sewer)
  A crocodile (Lair:2)
  5 bullfrogs
  A water moccasin zombie (Ossuary)
  A scorpion (D:8)
  A wyvern skeleton (D:9)
  31 killer bees (Lair:2)
  2 howler monkeys
  5 crimson imps
  4 jellies
  A centaur skeleton (D:8)
  4 hounds
  2 orc priests
  5 orc wizards
  2 bullfrog skeletons
  An iguana (D:5)
  8 worker ants
  A hell rat (Lair:2)
  A killer bee zombie (D:5)
  A big kobold zombie (Ossuary)
  2 mummies (Ossuary)
  21 adders
  3 river rats
  An ufetubus (Abyss:2)
  7 oozes
  An adder skeleton (D:6)
  6 adder zombies (Ossuary)
  4 worms
  2 dart slugs (D:2)
  7 leopard geckos
  27 orcs
  3 giant cockroaches
  4 goblins
  4 hobgoblins
  2 jackals (D:6)
  3 ball pythons (Sewer)
  5 bats
  6 frilled lizards
  A gnoll zombie (Ossuary)
  3 hobgoblin zombies (Ossuary)
  6 kobolds
  9 kobold zombies (Ossuary)
  A leopard gecko skeleton (D:6)
  2 orc zombies (Ossuary)
  8 rats
  A spectral orc (D:3)
  3 plants (D:9)
306 creatures vanquished.

Vanquished Creatures (others)
  3 slaves (D:7)
  A fungus (Lair:2)
  3 plants
  5 starspawn tentacles (Abyss:2)
12 creatures vanquished.

Grand Total: 318 creatures vanquished

Notes
Turn   | Place    | Note
-------+----------+-------------------------------------------
     0 | D:1      | Kairos the Vine Stalker Fighter began the quest for the
                  | Orb.
     0 | D:1      | Reached XP level 1. HP: 11/11 MP: 2/2
   259 | D:1      | Reached XP level 2. HP: 16/16 MP: 3/3
   697 | D:2      | Reached skill level 2 in Axes
   731 | D:2      | Reached XP level 3. HP: 9/20 MP: 4/4
  1716 | D:2      | Gained mutation: Your natural rate of healing is unusually
                  | fast. [Vine Stalker growth]
  1716 | D:2      | Reached XP level 4. HP: 17/24 MP: 5/5
  2094 | D:2      | You fall through a shaft!
  2213 | D:3      | Found a basalt altar of Yredelemnul.
  2607 | D:3      | Found a glowing silver altar of Zin.
  2611 | D:3      | Found a glowing golden altar of the Shining One.
  2611 | D:3      | Found a deep blue altar of Sif Muna.
  2611 | D:3      | Found an iron altar of Okawaru.
  2612 | D:3      | Found a hazy altar of Hepliaklqana.
  2620 | D:3      | Became a worshipper of Warmaster Okawaru
  2646 | D:3      | Reached skill level 1 in Stealth
  2813 | D:4      | Reached skill level 3 in Axes
  2813 | D:4      | Reached XP level 5. HP: 28/28 MP: 6/6
  2837 | D:4      | Found Oddyatiz's Distillery.
  2934 | D:4      | Found a glowing drain.
  2962 | Sewer    | Entered a sewer
  3157 | Sewer    | Noticed a big kobold
  3179 | Sewer    | Killed a big kobold
  3179 | Sewer    | Reached * piety under Okawaru
  3179 | Sewer    | Reached XP level 6. HP: 27/32 MP: 4/7
  3378 | Sewer    | Reached skill level 4 in Axes
  3453 | Sewer    | Reached XP level 7. HP: 36/36 MP: 8/8
  3616 | D:4      | Found a staircase to the Ecumenical Temple.
  3659 | D:4      | Found a burning altar of Makhleb.
  3816 | D:4      | Reached skill level 5 in Axes
  4026 | D:5      | Entered Level 5 of the Dungeon
  4108 | D:5      | Found a sand-covered staircase.
  4119 | Ossuary  | Entered an ossuary
  4183 | Ossuary  | Reached ** piety under Okawaru
  4211 | Ossuary  | Gained mutation: You have razor-sharp teeth. [Vine Stalker
                  | growth]
  4211 | Ossuary  | Reached XP level 8. HP: 40/42 MP: 9/9
  4437 | D:5      | Found Ujaorra's Distillery.
  4449 | D:5      | Reached skill level 6 in Axes
  4661 | D:5      | Found a shadowy altar of Dithmenos.
  4948 | D:6      | Noticed Menkaure
  4973 | D:5      | Bought a potion of mutation for 120 gold pieces
  4992 | D:6      | Killed Menkaure
  5013 | D:6      | Reached skill level 7 in Axes
  5032 | D:6      | You fall through a shaft for 2 floors!
  5051 | D:7      | Reached *** piety under Okawaru
  5076 | D:6      | Reached skill level 5 in Shields
  5085 | D:6      | Found a bloodstained altar of Trog.
  5097 | D:6      | Reached XP level 9. HP: 45/46 MP: 10/10
  5427 | D:7      | Reached skill level 1 in Dodging
  5655 | D:7      | Reached skill level 8 in Axes
  5658 | D:7      | Received a gift from Okawaru
  5658 | D:7      | Reached skill level 5 in Fighting
  5658 | D:7      | Reached skill level 5 in Armour
  5800 | D:7      | Noticed Pikel
  5820 | D:7      | Killed Pikel
  5820 | D:7      | Reached **** piety under Okawaru
  5820 | D:7      | Reached XP level 10. HP: 42/51 MP: 11/11
  5828 | D:7      | Noticed Harold
  5885 | D:6      | Reached skill level 9 in Axes
  6058 | D:7      | Got a brightly glowing chain mail
  6069 | D:7      | Identified the +11 chain mail of the Pit {rPois Str+3 Int+5
                  | Dex+2} (You found it on level 7 of the Dungeon)
  6268 | D:7      | Cast into level 2 of the Abyss (Harold)
  6340 | Abyss:2  | Noticed a sun demon
  6445 | Abyss:2  | Noticed a tentacled starspawn
  6471 | Abyss:2  | Noticed a sun demon
  6490 | Abyss:2  | Killed a tentacled starspawn
  6490 | Abyss:2  | Reached ***** piety under Okawaru
  6490 | Abyss:2  | Reached skill level 10 in Axes
  6490 | Abyss:2  | Reached skill level 1 in Invocations
  6493 | D:7      | Escaped the Abyss
  6499 | D:7      | Killed Harold
  6499 | D:7      | Reached XP level 11. HP: 12/57 MP: 8/13
  7787 | D:9      | Found a staircase to the Lair.
  8016 | Lair:1   | Entered Level 1 of the Lair of Beasts
  8028 | Lair:1   | Reached skill level 11 in Axes
  8198 | Lair:1   | Received a gift from Okawaru
  8240 | Lair:1   | Found a runed translucent gate.
  8240 | Lair:1   | Found a runed translucent gate.
  8241 | Lair:1   | Found a runed translucent gate.
  8247 | Lair:1   | Found a viscous altar of Jiyva.
  8247 | Lair:1   | Noticed Tinylith's ghost (journeyman TeGl)
  8419 | Lair:1   | Got a smoking helmet
  8454 | Lair:1   | Identified the +0 helmet "Curoaxoh" {rPois rN++ MR- Dex+4}
                  | (You found it on level 1 of the Lair of Beasts)
  8474 | Lair:1   | Killed Tinylith's ghost
  8975 | Lair:2   | Noticed a manticore
  9001 | Lair:2   | Gained mutation: You heal very quickly. [Vine Stalker
                  | growth]
  9001 | Lair:2   | Reached XP level 12. HP: 61/63 MP: 15/15
  9012 | Lair:2   | Reached skill level 12 in Axes
  9097 | Lair:2   | Reached ****** piety under Okawaru
  9133 | Lair:2   | Received a gift from Okawaru
  9403 | Lair:2   | Reached skill level 13 in Axes
  9404 | Lair:2   | Received a gift from Okawaru
  9411 | Lair:2   | Got a pitted demon blade {god gift}
  9420 | Lair:2   | Noticed a seven-headed hydra
  9425 | Lair:2   | Identified the +6 demon blade "Newtbane" {freeze, rN+
                  | Str+10 Int+2} (Okawaru gifted it to you on level 2 of the
                  | Lair of Beasts)
  9429 | Lair:2   | HP: 2/63 [ten-headed hydra (5)]
  9429 | Lair:2   | Mangled by a ten-headed hydra

Skill      XL: |  1  2  3  4  5  6  7  8  9 10 11 12 |
---------------+-------------------------------------+-----
Axes           | 2 3 4 5 7 8 10 11 13 | 13.1
Fighting       | 3 4 5 6 7 |  7.5
Shields        | 3 4 5 6 7 8 |  8.0
Armour         | 3 4 5 6 7 |  7.1
Stealth        | 1 2 |  2.3
Dodging        | 1 2 |  2.9
Invocations    | 1 2 3 |  3.1

Action                   |  1- 3 |  4- 6 |  7- 9 | 10-12 || total
-------------------------+-------+-------+-------+-------++-------
Melee: War axe           |    91 |   219 |   362 |   494 ||  1166
       Bite              |    22 |    45 |   113 |   243 ||   423
       Demon blade       |       |       |       |     3 ||     3
Invok: Heroism           |       |       |     6 |    18 ||    24
       Finesse           |       |       |       |     2 ||     2
  Use: Scroll            |     5 |     1 |     9 |     6 ||    21
       Potion            |       |       |       |     1 ||     1
  Eat: Chunk             |     2 |     7 |     9 |     3 ||    21
       Ration            |       |       |       |     3 ||     3
Armor: Scale mail        |     9 |       |       |       ||     9
       Chain mail        |    41 |   123 |   169 |   204 ||   537
Dodge: Dodged            |    23 |    45 |    80 |   179 ||   327
Block: Shield            |    48 |   100 |   171 |   321 ||   640
